 Dungeon Crawl Stone Soup version 0.31.0-11-ge490571c62 (webtiles) character file.

Game seed: 17825152722672556716

111 Arcadio the Ducker (level 4, -2/36 HPs)
             Began as a Merfolk Gladiator on Jan 30, 2024.
             Slain by an orc
             ... wielding a +0 club
              (3 damage)
             ... on level 4 of the Dungeon.
             The game lasted 00:03:28 (2794 turns).

Arcadio the Ducker (Merfolk Gladiator)              Turns: 2794, Time: 00:03:28

Health: -2/36      AC:  6    Str: 16    XL:     4   Next: 92%
Magic:  0/13       EV: 14    Int:  7    God:
Gold:   195        SH:  0    Dex: 15    Spells: 3/3 levels left

rFire   . . .        a - +0 trident
rCold   . . .        (no shield)
rNeg    . . .        b - +0 leather armour
rPois   .            c - +0 helmet
rElec   .            x - +0 cloak
rCorr   .            (no gloves)
SInv    .            s - +0 pair of boots
Will    .....        p - amulet of guardian spirit
Stlth   +            n - ring of magical power
HPRegen 0.26/turn    (no ring)
MPRegen 0.13/turn

%: guardian spirit
@: no status effects
A: (nimble swimmer 2), mertail
a: no special abilities


You were on level 4 of the Dungeon.
You visited 1 branch of the dungeon, and saw 4 of its levels.

You collected 195 gold pieces.

Inventory:

Hand Weapons
 a - a +0 trident (weapon)
Missiles
 d - 3 throwing nets (quivered)
 e - a javelin
Armour
 b - a +0 leather armour (worn)
 c - a +0 helmet (worn)
 s - a +0 pair of boots (worn)
 x - a +0 cloak (worn)
Jewellery
 f - an amulet of faith
 n - a ring of magical power (left hand)
 p - an amulet of guardian spirit (around neck)
Wands
 v - a wand of mindburst (3)
Scrolls
 g - a scroll of acquirement {unknown}
 j - a scroll of fog {unknown}
 k - 2 scrolls of teleportation
 l - a scroll of enchant armour {unknown}
 m - a scroll of fear {unknown}
 o - a scroll of identify {unknown}
 q - a scroll of torment {unknown}
 r - a scroll of immolation {unknown}
Potions
 h - a potion of ambrosia
 i - 3 potions of curing
 t - a potion of haste {unknown}
 u - a potion of heal wounds {unknown}
 w - a potion of invisibility {unknown}


   Skills:
 + Level 3.6 Fighting
 + Level 5.2 Polearms
 - Level 2.0 Throwing
 + Level 5.3 Dodging


You had 3 spell levels left.
You didn't know any spells.
Your spell library was empty.

Dungeon Overview and Level Annotations

Branches:
Dungeon (4/15)
 Temple: D:4-7

Altars:
Dithmenos
Yredelemnul


Innate Abilities, Weirdness & Mutations

((You are very nimble when in or above water. (Stealth+, EV+, Speed+++)))
Your lower body shifts to a powerful aquatic tail in water.


Message History

The orc barely misses you. The orc closely misses you.
You hit the orc warrior but do no damage.
The orc warrior is moderately wounded.
The orc warrior hits you with a +0 short sword.
The orc closely misses you. x2
You closely miss the orc warrior.
The orc warrior is moderately wounded.
The orc warrior completely misses you. The orc misses you.
The orc barely misses you.
You hit the orc warrior.
The orc warrior is heavily wounded.
The orc warrior hits you with a +0 short sword.
The orc barely misses you. The orc hits you but does no damage.
You hit the orc warrior but do no damage.
The orc warrior is heavily wounded.
The orc warrior hits you with a +0 short sword!
* * * LOW HITPOINT WARNING * * *
The orc barely misses you. x2
You hit the orc warrior.
The orc warrior is severely wounded.
The orc warrior barely misses you. The orc hits you but does no damage.
The orc completely misses you. The orc warrior barely misses you.
You barely miss the orc warrior.
The orc warrior is severely wounded.
The orc hits you but does no damage. The orc closely misses you.
The orc warrior barely misses you. The orc warrior blocks your attack.
The orc warrior is severely wounded.
The orc hits you with a +0 dagger.
* * * LOW HITPOINT WARNING * * *
The orc hits you with a +0 club.
* * * LOW HITPOINT WARNING * * *
The orc warrior barely misses you.
You hit the orc warrior.
The orc warrior is severely wounded.
The orc barely misses you. The orc hits you with a +0 dagger.
* * * LOW HITPOINT WARNING * * *
The orc warrior hits you with a +0 short sword.
The orc misses you. The orc hits you with a +0 club.
You die...

#..# #.....##.######l...#.##. .
###<##..K.................#..#.
.##.......#
#.##.##........##.##
......########.......###....#
..# ...........##...#...##
#....# #..
..........o.).#.###.# ###### ##
...........####.)##.#
...........# ##o##.#
#..........# #@o#.#
#..........# #.o....#
############ #......# #......#
#......# #......# ########


You could see an orc warrior (reflecting) and 2 orcs.

Vanquished Creatures
  A jelly (D:4)
  2 adders
  A ribbon worm (D:3)
  2 dart slugs
  9 orcs
  5 ball pythons
  4 bats
  7 endoplasms
  A giant cockroach (D:2)
  2 hobgoblins
  3 quokkas
  A frilled lizard (D:2)
  4 goblins
  3 kobolds
  A rat (D:3)
46 creatures vanquished.

Notes
Turn   | Place    | Note
-------+----------+-------------------------------------------
     0 | D:1      | Arcadio the Merfolk Gladiator began the quest for the Orb.
     0 | D:1      | Reached XP level 1. HP: 16/16 MP: 1/1
    15 | D:1      | Found a basalt altar of Yredelemnul.
   436 | D:1      | Reached XP level 2. HP: 18/23 MP: 2/2
   870 | D:2      | Reached XP level 3. HP: 28/28 MP: 3/3
  1834 | D:3      | Reached XP level 4. HP: 35/35 MP: 4/4
  2144 | D:3      | Found a shadowy altar of Dithmenos.
  2432 | D:3      | Reached skill level 5 in Dodging
  2629 | D:4      | Reached skill level 5 in Polearms
  2747 | D:4      | Noticed an orc warrior
  2782 | D:4      | HP: 1/36 [orc/+0 dagger (1)]
  2794 | D:4      | HP: 1/36 [orc/+0 dagger (1)]
  2794 | D:4      | Slain by an orc

Illustrated notes

Levels and vault maps discovered:
D:1:      dpeg_arrival_water_altar, layout_basic
D:2:      layout_basic
D:3:      layout_loops_corners, nicolae_dithmenos_through_a_glass_darkly
D:4:      layout_rooms, amcnicky_altar_gilded

Skill      XL: |  1  2  3  4 |
---------------+-------------+-----
Fighting       | 3 |  3.6
Dodging        | 5 |  5.3
Polearms       | 5 |  5.2
Throwing       | |  2.0

Action                     |  1- 3 |  4- 6 || total
---------------------------+-------+-------++-------
  Melee: Trident           |   113 |    65 ||   178
         Punch             |     2 |       ||     2
    Use: Potion            |       |     2 ||     2
         Scroll            |       |     1 ||     1
   Stab: Sleeping          |       |     1 ||     1
 Armour: Leather armour    |    57 |    54 ||   111
  Dodge: Dodged            |    63 |    61 ||   124
